 Dungeon Crawl Stone Soup version 0.30-a0-335-ge5acde7520 (webtiles) character file.

Game seed: 15521424691464358164

88 timneilson the Shield-Bearer (level 4, 0/28 HPs)
             Began as a Gargoyle Fighter on Oct 30, 2022.
             Slain by a centaur (1 damage)
             ... on level 3 of the Dungeon.
             The game lasted 00:04:36 (1688 turns).

timneilson the Shield-Bearer (Gargoyle Fighter)     Turns: 1688, Time: 00:04:36

Health: 0/28       AC: 10    Str: 21    XL:     4   Next: 53%
Magic:  4/4        EV:  9    Int:  9    God:
Gold:   128        SH:  4    Dex:  9    Spells: 3/3 levels left

rFire   . . .      SeeInvis .    a - +0 long sword
rCold   . . .      Faith    .    c - +0 buckler
rNeg    + . .      Spirit   .    b - +0 scale mail
rPois   ∞          Reflect  .    (no helmet)
rElec   +          Harm     .    (no cloak)
rCorr   .          Rampage  .    (no gloves)
Will    .....                    (no boots)
Stlth   ..........               (no amulet)
HPRegen 0.24/turn                (no ring)
MPRegen 0.09/turn                (no ring)

@: no status effects
A: sickness immunity, AC +3, negative energy resistance 1, electricity
resistance, torment resistance 1, petrification resistance
a: no special abilities


You were on level 3 of the Dungeon.
You visited 1 branch of the dungeon, and saw 3 of its levels.

You collected 128 gold pieces.

Inventory:

Hand Weapons
 a - a +0 long sword (weapon)
Armour
 b - a +0 scale mail (worn)
 c - a +0 buckler (worn)
Scrolls
 e - a scroll of magic mapping
 m - 2 scrolls of teleportation
Potions
 d - 3 potions of might
 f - a potion of invisibility {unknown}
 h - 5 potions of curing
 i - a potion of berserk rage
 j - a potion of flight
 k - a potion of lignification
 l - a potion of heal wounds {unknown}
 n - a potion of attraction {unknown}
 p - a potion of ambrosia {unknown}


   Skills:
 + Level 3.6 Fighting
 * Level 2.5 Long Blades
 * Level 4.0 Armour
 + Level 0.9 Dodging
 * Level 4.0 Shields


You had 3 spell levels left.
You didn't know any spells.
Your spell library was empty.

Dungeon Overview and Level Annotations

Branches:
Dungeon (3/15)

Altars:

Shops:
D:2 *

Annotations:
D:3 1 runed translucent door, Crazy Yiuf


Innate Abilities, Weirdness & Mutations

You are immune to sickness and miasma.
Your stone body is resilient. (AC +3)
You are immune to poison.
You resist negative energy. (rN+)
You are resistant to electric shocks. (rElec)
You are resistant to unholy torment.
You are immune to petrification.


Message History

A kobold comes into view. It is wielding a +0 short sword.
The centaur hits you.
The centaur kicks you but does no damage.
You barely miss the centaur.
The kobold shouts!
The centaur hits you.
The centaur kicks you but does no damage.
The centaur hits you.
* * * LOW HITPOINT WARNING * * *
You block the centaur's attack.
You barely miss the centaur. The centaur closely misses you.
You block the centaur's attack.
The kobold throws a stone.
The stone hits you but does no damage.
The centaur hits you but does no damage.
The centaur completely misses you.
You hit the centaur.
The centaur is lightly wounded.
The centaur hits you but does no damage.
The centaur kicks you.
* * * LOW HITPOINT WARNING * * *
The centaur barely misses you. The centaur closely misses you.
Unknown command.
You hit the centaur.
The centaur is moderately wounded.
The centaur hits you but does no damage.
The centaur closely misses you.
The centaur hits you but does no damage.
The centaur barely misses you.
Unknown command.
You closely miss the centaur.
The centaur is moderately wounded.
The centaur hits you.
* * * LOW HITPOINT WARNING * * *
The centaur kicks you but does no damage.
The centaur barely misses you. The centaur closely misses you.
Unknown command.
You slash the centaur!
The centaur is severely wounded.
The centaur hits you.
You die...

.. #.# ... ###### ##.#
#....# ###... #.^..#####.#
#...# #........... .
#..#######....#####....
####>...................#
#....###########@#####.#..
##.### #cK......# ##.#
#.<......# ...# #.......##
#### .........# #
##........# # #.>....... #
#.######.. #


You could see a centaur and a kobold.

Vanquished Creatures
  3 gnolls (D:2)
  2 adders
  2 dart slugs
  6 bats
  5 endoplasms
  A giant cockroach (D:2)
  3 goblins
  2 hobgoblins (D:1)
  3 kobolds
  2 quokkas
  7 ball pythons
  A frilled lizard (D:2)
37 creatures vanquished.

Notes
Turn   | Place    | Note
-------+----------+-------------------------------------------
     0 | D:1      | timneilson the Gargoyle Fighter began the quest for the
                  | Orb.
     0 | D:1      | Reached XP level 1. HP: 14/14 MP: 1/1
   213 | D:1      | Reached XP level 2. HP: 19/19 MP: 2/2
   767 | D:2      | Reached XP level 3. HP: 23/23 MP: 3/3
   870 | D:2      | Found Qaiw's General Store.
  1017 | D:2      | Reached XP level 4. HP: 20/28 MP: 4/4
  1294 | D:2      | Found a faded altar of an unknown god.
  1577 | D:3      | Found a runed translucent door.
  1578 | D:3      | Noticed Crazy Yiuf
  1675 | D:3      | Noticed a centaur
  1687 | D:3      | HP: 1/28 [centaur (3)]
  1688 | D:3      | Slain by a centaur

Illustrated notes

Levels and vault maps discovered:
D:1:      evilmike_arrival_rings, layout_basic, minmay_tree_intersection
D:2:      layout_loops_cross, basic_ecumenical_altar, serial_shops,
          nicolae_shop_advertising_works [nicolae_subvault_shop_adworks],
          kennysheep_generic_room_10
D:3:      cheibrodos_pilgrimage, layout_basic, uniq_crazy_yiuf_cottage,
          uniq_sigmund, uniq_terence

Skill      XL: |  1  2  3  4 |
---------------+-------------+-----
Long Blades    | 2 |  2.5
Shields        | 4 |  4.0
Armour         | 4 |  4.0
Fighting       | |  3.6
Dodging        | |  0.9

Action                   |  1- 3 |  4- 6 || total
-------------------------+-------+-------++-------
Melee: Long sword        |   140 |    58 ||   198
  Use: Scroll            |     3 |     5 ||     8
Armor: Scale mail        |    91 |    48 ||   139
Dodge: Dodged            |    63 |    34 ||    97
Block: Buckler           |    30 |    15 ||    45

Table legend: (Time is in decaauts)
 A = Elapsed time spent in this place.
 B = Non-inter-level travel time spent in this place.
 C = Inter-level travel time spent in this place.
 D = Time resting spent in this place.
 E = Time spent auto-exploring this place.
 F = Levels seen in this place.
 G = Mean time per level.
                   A        B        C        D        E       F      G
               +--------+--------+--------+--------+--------+-----+--------+
         Total |   1751 |   1701 |     50 |     22 |   1234 |   3 |  583.7 |
       Dungeon |   1751 |   1701 |     50 |     22 |   1234 |   3 |  583.7 |
               +--------+--------+--------+--------+--------+-----+--------+

Top non-repeatable levels by time:
     D:2: 882 daAuts
     D:1: 728 daAuts
     D:3: 141 daAuts
